 Dungeon Crawl Stone Soup version 0.27-a0-1196-g3e9cee4cb2 (webtiles) character file.

Game seed: 7856933412559509051

135 Anon1729 the Ducker (level 5, 0/37 HPs)
             Began as an Octopode Fighter on May 28, 2021.
             Was a Follower of Kikubaaqudgha.
             Slain by a gnoll
             ... wielding a +0 club
              (9 damage)
             ... on level 3 of the Dungeon.
             The game lasted 00:02:13 (2318 turns).

Anon1729 the Ducker (Octopode Fighter)              Turns: 2318, Time: 00:02:13

Health: 0/37       AC:  2    Str: 16    XL:     5   Next: 18%
Magic:  5/5        EV:  6    Int: 11    God:    Kikubaaqudgha [*.....]
Gold:   50         SH:  0    Dex: 11    Spells: 4/4 levels left

rFire    . . .     SeeInvis .     - Unarmed
rCold    . . .     Faith    .   a - +0 kite shield
rNeg     . . .     Spirit   .   e - +1 hat
rPois    .         Reflect  .   (no amulet)
rElec    .         Harm     .   (no ring)
rCorr    .         Rampage  .   (no ring)
Will     .....                  (no ring)
Stlth    ++........             (no ring)
HPRegen  0.12/turn              (no ring)
MPRegen  0.09/turn              (no ring)
                                (no ring)
                                (no ring)

@: held
A: almost no armour, amphibious, 8 rings, camouflage 1, gelatinous body 1,
(nimble swimmer 1), tentacles
a: Renounce Religion, Receive Corpses


You were on level 3 of the Dungeon.
You worshipped Kikubaaqudgha.
Kikubaaqudgha was aware of your devotion.
You visited 1 branch of the dungeon, and saw 3 of its levels.

You collected 50 gold pieces.

Inventory:

Armour
 a - a +0 kite shield (worn)
 e - a +1 hat (worn)
Scrolls
 c - a scroll of immolation {unknown}
 d - 2 scrolls of identify {unknown}
Potions
 b - a potion of might
 f - a potion of haste {unknown}


   Skills:
 + Level 3.8 Fighting
 + Level 3.8 Dodging
 + Level 3.8 Shields
 + Level 3.1 Unarmed Combat


You had 4 spell levels left.
You didn't know any spells.
Your spell library contained the following spells:

 Spells                   Type           Power      Damage    Failure   Level
 Pain                     Necr           0%         1d4       83%         1
 Corpse Rot               Necr/Air       N/A        N/A       92%         2
 Sublimation of Blood     Necr           0%         N/A       92%         2
 Vampiric Draining        Necr           0%         2d6       99%         3


Dungeon Overview and Level Annotations

Branches:
Dungeon (3/15)

Altars:
Gozag
Kikubaaqudgha


Innate Abilities, Weirdness & Mutations

You cannot wear most types of armour.
You are amphibious.
You can wear up to eight rings at the same time.
Your skin changes colour to match your surroundings (Stealth+).
Your rubbery body absorbs attacks. (AC +1, EV +1)
((You are camouflaged near water. (Stealth+)))
You have tentacles for arms and can constrict up to eight enemies at once.


Message History

You kill the orc!
Kikubaaqudgha accepts your kill.
You tentacle-slap the orc but do no damage.
Your grab misses the orc. The orc hits you with a +0 mace.
You barely miss the orc. You grab the orc. You squeeze the orc.
You kill the orc!
Kikubaaqudgha accepts your kill. The orc hits you with a +0 mace.
A gnoll comes into view. It is wielding a +0 club.
You tentacle-slap the orc but do no damage.
You grab the orc. You constrict the orc. You block the orc's attack.
A gnoll comes into view. It is wielding a +0 flail.
The orc jeers loudly, as Orcs often do.
The gnoll shouts!
You tentacle-slap the orc but do no damage.
The orc is moderately wounded.
You constrict the orc.
You hear a shout!
You block the orc's attack. The orc closely misses you.
A gnoll comes into view. It is wielding a +0 halberd.
You barely miss the orc. You squeeze the orc.
You kill the orc!
Kikubaaqudgha accepts your kill.
You block the gnoll's attack. x2; The gnoll hits you with a +5 whip!
The orc hits you but does no damage. The gnoll barely misses you.
You tentacle-slap the gnoll but do no damage.
Your grab misses the gnoll. The gnoll closely misses you.
You block the gnoll's attack. The gnoll closely misses you.
You block the orc's attack.
The gnoll hits you from afar with a +0 spear!
You are too injured to fight recklessly!
The gnoll throws a throwing net.
The throwing net hits you.
You become entangled in the net!
The orc hits you with a +0 club.
* * * LOW HITPOINT WARNING * * *
You see here a throwing net.
You tear a large gash into the net.
The orc hits you with a +0 club.
* * * LOW HITPOINT WARNING * * *
The gnoll hits you with a +0 club!
You die...
Kikubaaqudgha rasps: "You have failed me!
Welcome... death!"

......)...#.....#
##########..#'###
..........#.#
#..####.###.#
........# #.#
######### #.#
.....######.#
####........#
....?.o@#####
#######g#
..g.g.ggg....#
.###......)..+
..>........#
#...........#
#...........#
#...........#
............#


You could see 4 gnolls and an orc.

Vanquished Creatures
  Crazy Yiuf (D:2)
  Terence (D:2)
  2 adders (D:2)
  A worm (D:2)
  3 dart slugs (D:2)
  3 orcs (D:3)
  3 ball pythons (D:1)
  5 endoplasms
  3 giant cockroaches
  5 goblins
  2 hobgoblins
  2 jackals (D:1)
  2 quokkas
  8 bats
  3 frilled lizards
  6 kobolds
  3 rats
53 creatures vanquished.

Notes
Turn   | Place    | Note
-------+----------+-------------------------------------------
     0 | D:1      | Anon1729 the Octopode Fighter began the quest for the Orb.
     0 | D:1      | Reached XP level 1. HP: 16/16 MP: 1/1
   368 | D:1      | Reached XP level 2. HP: 21/21 MP: 2/2
   668 | D:1      | Found a faded altar of an unknown god.
   708 | D:1      | Became a worshipper of Kikubaaqudgha
   708 | D:1      | Reached * piety under Kikubaaqudgha
   708 | D:1      | Identified Kikubaaqudgha's Handbook of Dark Secrets
                  | (Kikubaaqudgha gifted it to you on level 1 of the Dungeon)
   708 | D:1      | Received a gift from Kikubaaqudgha
   801 | D:2      | Reached XP level 3. HP: 26/26 MP: 3/3
   831 | D:2      | Noticed Terence
   842 | D:2      | HP: 1/26 [Terence/+0 morningstar (7)]
   843 | D:2      | Killed Terence
  1166 | D:2      | Found an opulent altar of Gozag.
  1380 | D:2      | Reached XP level 4. HP: 31/31 MP: 4/4
  1989 | D:2      | Found a runed translucent door.
  1990 | D:2      | Noticed Crazy Yiuf
  2154 | D:2      | Killed Crazy Yiuf
  2155 | D:2      | Reached XP level 5. HP: 37/37 MP: 5/5
  2318 | D:3      | Slain by a gnoll

Illustrated notes

Levels and vault maps discovered:
D:1:      dpeg_arrival_three_bigger_balls, layout_basic,
          hellmonk_ecumenical_altar_prayer_group
D:2:      layout_loops_ring, basic_altar, minmay_tetromino_o2,
          uniq_crazy_yiuf_cottage, uniq_terence
D:3:      layout_basic, minmay_curled_crystal, serial_park_tiny_2, minivault_25,
          grunt_ministairs_7, uniq_jessica

Skill      XL: |  1  2  3  4 |
---------------+-------------+-----
Unarmed Combat | 3 |  3.1
Fighting       | |  3.8
Dodging        | |  3.8
Shields        | |  3.8

Action                   |  1- 3 |  4- 6 || total
-------------------------+-------+-------++-------
Melee: Unarmed           |    61 |    46 ||   107
       Constrict         |    23 |    15 ||    38
       Tentacles         |    12 |    13 ||    25
       Punch             |       |     1 ||     1
  Use: Potion            |     1 |       ||     1
 Stab: Sleeping          |    10 |     4 ||    14
Armor: Skin              |     4 |     3 ||     7
Dodge: Dodged            |    24 |    18 ||    42
Block: Kite shield       |    15 |    27 ||    42

Table legend: (Time is in decaauts)
 A = Elapsed time spent in this place.
 B = Non-inter-level travel time spent in this place.
 C = Inter-level travel time spent in this place.
 D = Time resting spent in this place.
 E = Time spent auto-exploring this place.
 F = Levels seen in this place.
 G = Mean time per level.
                   A        B        C        D        E       F      G
               +--------+--------+--------+--------+--------+-----+--------+
         Total |   2336 |   2242 |     94 |    267 |   1616 |   3 |  778.7 |
       Dungeon |   2336 |   2242 |     94 |    267 |   1616 |   3 |  778.7 |
               +--------+--------+--------+--------+--------+-----+--------+

Top non-repeatable levels by time:
     D:2: 1211 daAuts
     D:1: 1011 daAuts
     D:3: 113 daAuts
